 Dungeon Sprint DCSS version 0.31.0-32-g396128a36d (webtiles) character file.

Game seed: 15704103067599172129

3565 Heoruswealwe the Impaler (level 9, -14/95 HPs)
             Began as a Minotaur Fighter on Mar 8, 2024.
             Was an Initiate of Gozag.
             Killed from afar by a gargoyle (21 damage)
             ... with a stone arrow
             ... in the Dungeon (Sprint IX: "|||||||||||||||||||||||||||||").
             The game lasted 00:04:55 (509 turns).

Heoruswealwe the Impaler (Minotaur Fighter)          Turns: 509, Time: 00:04:56

Health: -14/95     AC: 19    Str: 30    XL:     9   Next: 84%
Magic:  8/8        EV:  8    Int:  5    God:    Gozag
Gold:   486        SH:  0    Dex: 11    Spells: 8/8 levels left

rFire   . . .        b - +2 halberd (venom)
rCold   . . .        (shield currently unavailable)
rNeg    . . .        c - +0 plate armour
rPois   .            (helmet restricted)
rElec   .            (no cloak)
rCorr   .            f - +0 pair of gloves
SInv    .            e - +0 pair of boots
Will    .....        (no amulet) Stlth
                     k - +3 ring of strength
HPRegen 0.35/turn    j - +3 ring of strength
MPRegen 0.11/turn

%: no teleportation
@: gold aura, on berserk cooldown, slowed, very slow
A: horns 2, retaliatory headbutt
a: Renounce Religion, Potion Petition, Call Merchant, Bribe Branch


You were in the Dungeon.
You worshipped Gozag.
Gozag was aware of your devotion.
You visited 1 branch You collected 486 gold pieces.

Inventory:

Hand Weapons
 a - a +0 trident
 b - a +2 halberd of venom (weapon)
 A - the +8 autumn katana {manifold assault}
   (You found it in the Dungeon)
Armour
 c - a +0 plate armour (worn)
 d - a +0 kite shield
 e - a +0 pair of boots (worn)
 f - a +0 pair of gloves (worn)
Jewellery
 j - a +3 ring of strength (right hand)
 k - a +3 ring of strength (left hand)
Wands
 h - a wand of roots (10)
Scrolls
 o - 2 scrolls of blinking
Potions
 g - a potion of haste
 l - 3 potions of curing
 n - a potion of might


   Skills:
 + Level 14.1 Fighting
 * Level 19.0 Polearms
 + Level 14.1 Armour
 - Level 3.6 Shields


You had 8 spell levels left.
You didn't know any spells.
Your spell library was empty.

Dungeon Overview and Level Annotations

Branches:
Dungeon (1/1)

Altars:
Cheibriados
Dithmenos
Elyvilon
Fedhas
Gozag
Hepliaklqana
Kikubaaqudgha
Makhleb
Nemelex Xobeh
Okawaru
Qazlal
Ru
Sif Muna
Trog
Uskayaw
Vehumet
Wu Jian
Xom
Yredelemnul
Zin
The Shining One
Jiyva
Lugonu


Innate Abilities, Weirdness & Mutations

You have a pair of horns on your head.
You reflexively headbutt those who attack you in melee.


Message History

You headbutt the centaur warrior!
The centaur warrior is heavily wounded.
The centaur warrior is distracted by your dazzling golden aura.
The gargoyle is distracted by your dazzling golden aura.
The centaur warrior shouts!
You puncture the centaur warrior!
The centaur warrior looks as sick as possible!
The centaur warrior is no longer distracted by gold.
Your headbutt misses the centaur warrior.
The centaur warrior is almost dead.
The gargoyle is no longer distracted by gold.
The centaur warrior closely misses you. You furiously retaliate!
You headbutt the centaur warrior, but do no damage.
The centaur warrior kicks you but does no damage.
You slash the centaur warrior!
You kill the centaur warrior!
Your Fighting skill increases to level 14!
Your Polearms skill increases to level 19!
Your Armour skill increases to level 14!
You barely miss the gargoyle. The gargoyle hits you with a +0 mace.
* * * LOW HITPOINT WARNING * * *
You hit the gargoyle but do no damage. The gargoyle barely misses you.
You impale the gargoyle!! You headbutt the gargoyle.
The gargoyle is almost destroyed.
The gargoyle hurls a stone arrow at you.
The stone arrow hits you!
* * * LOW HITPOINT WARNING * * *
The gargoyle hurls a stone arrow at you.
The stone arrow hits you.
* * * LOW HITPOINT WARNING * * *
You hit the gargoyle but do no damage.
The gargoyle is almost destroyed.
The gargoyle hurls a stone arrow at you.
The stone arrow hits you!
* * * LOW HITPOINT WARNING * * *
You feel better.
The gargoyle hurls a stone arrow at you.
The stone arrow hits you!!
You die...
Your body crumbles into a pile of gold. ▓▓▓▓▓▓▓▓▓▓▓▓▓▓▓▓▓▓▓▓▓▓▓▓ ......9@.....[.....[)?!' ▓▓▓▓▓▓▓▓▓▓▓▓▓▓▓▓▓▓▓▓▓▓▓▓

You could see a gargoyle.

Vanquished Creatures
  A hydra (D)
  A centaur warrior (D)
  A two-headed ogre (D)
  A deep elf pyromancer (D)
  A manticore (D)
  A gargoyle (D)
  A komodo dragon (D)
  An acid dragon (D)
  An orc warrior (D)
  A gnoll sergeant (D)
  A scorpion (D)
  A killer bee (D)
  2 hounds (D)
  An iguana (D)
  A shadow imp (D)
  2 bats (D)
  A goblin (D)
  A frilled lizard (D)
  A kobold (D)
21 creatures vanquished.

Notes
Turn   | Place    | Note
-------+----------+-------------------------------------------
     0 | D        | Heoruswealwe the Minotaur Fighter began the quest for the
                  | Orb.
     0 | D        | Reached XP level 1. HP: 19/19 MP: 0/0
    10 | D        | Reached skill level 3 in Polearms
    30 | D        | Noticed an iguana
    30 | D        | Noticed a scorpion
    30 | D        | Noticed a hound
    30 | D        | Noticed a hound
    35 | D        | Killed a hound
    36 | D        | Reached skill level 5 in Fighting
    36 | D        | Reached skill level 5 in Polearms
    36 | D        | Reached skill level 5 in Armour
    36 | D        | Reached XP level 2. HP: 29/29 MP: 1/1
    36 | D        | Reached XP level 3. HP: 36/36 MP: 2/2
    42 | D        | Reached skill level 6 in Polearms
    46 | D        | Reached skill level 7 in Polearms
    46 | D        | Reached XP level 4. HP: 29/44 MP: 3/3
    53 | D        | Killed a scorpion
    54 | D        | Reached skill level 8 in Polearms
    58 | D        | Reached skill level 9 in Polearms
    58 | D        | Reached XP level 5. HP: 17/52 MP: 4/4
    64 | D        | Found a snail-covered altar of Cheibriados.
    64 | D        | Found a shadowy altar of Dithmenos.
    64 | D        | Found a white marble altar of Elyvilon.
    64 | D        | Found a blossoming altar of Fedhas.
    64 | D        | Found an opulent altar of Gozag.
    65 | D        | Found a hazy altar of Hepliaklqana.
    66 | D        | Found a viscous altar of Jiyva.
    67 | D        | Found an ancient bone altar of Kikubaaqudgha.
    68 | D        | Found a corrupted altar of Lugonu.
    69 | D        | Found a burning altar of Makhleb.
    70 | D        | Found a sparkling altar of Nemelex Xobeh.
    71 | D        | Found an iron altar of Okawaru.
    72 | D        | Became a worshipper of Gozag Ym Sagoz the Greedy
    73 | D        | Found a stormy altar of Qazlal.
    74 | D        | Found a sacrificial altar of Ru.
    75 | D        | Found a shimmering blue altar of Sif Muna.
    76 | D        | Found a bloodstained altar of Trog.
    77 | D        | Found a hide-covered altar of Uskayaw.
    78 | D        | Found a radiant altar of Vehumet.
    79 | D        | Found an ornate altar of the Wu Jian Council.
    80 | D        | Found a shimmering altar of Xom.
    81 | D        | Found a basalt altar of Yredelemnul.
    82 | D        | Found a glowing silver altar of Zin.
    83 | D        | Found a glowing golden altar of the Shining One.
    91 | D        | Found the +8 autumn katana {manifold assault}
   224 | D        | Noticed a komodo dragon
   224 | D        | Noticed an acid dragon
   224 | D        | Noticed an orc warrior
   224 | D        | Noticed a gargoyle
   245 | D        | Killed a gargoyle
   246 | D        | Reached skill level 12 in Polearms
   246 | D        | Reached XP level 6. HP: 38/66 MP: 5/5
   248 | D        | Killed an orc warrior
   249 | D        | Reached skill level 10 in Fighting
   249 | D        | Reached skill level 13 in Polearms
   249 | D        | Reached skill level 10 in Armour
   249 | D        | Reached XP level 7. HP: 40/72 MP: 6/6
   258 | D        | Reached skill level 14 in Polearms
   263 | D        | Killed a komodo dragon
   264 | D        | Reached XP level 8. HP: 22/82 MP: 7/7
   469 | D        | Noticed a gargoyle
   469 | D        | Noticed a centaur warrior
   469 | D        | Noticed a deep elf pyromancer
   469 | D        | Noticed a four-headed hydra
   469 | D        | Noticed a two-headed ogre
   469 | D        | Noticed a manticore
   474 | D        | Killed a manticore
   475 | D        | Reached skill level 15 in Polearms
   477 | D        | Killed a two-headed ogre
   478 | D        | Reached skill level 16 in Polearms
   478 | D        | Reached XP level 9. HP: 88/92 MP: 8/8
   492 | D        | Killed a 15-headed hydra
   493 | D        | Reached skill level 17 in Polearms
   495 | D        | Killed a deep elf pyromancer
   496 | D        | Reached skill level 18 in Polearms
   504 | D        | Killed a centaur warrior
   505 | D        | Reached skill level 19 in Polearms
   508 | D        | HP: 2/95 [gargoyle/stone arrow (10)]
   509 | D        | Killed from afar by a gargoyle

Illustrated notes

Levels and vault maps discovered:
D:        linesprint [early_d, line_temple, items_1, d_10, items_2, lair_1,
          lair_end, items_3, orc_1, orc_end, items_4, d_15, swamp_1, shoals_1,
          snake_1, spider_1, d_20, vaults_1, items_5, swamp_end, shoals_end,
          snake_end, spider_end, vaults_end, d_27, items_6, zot_1, zot_end,
          crypt_end, forest_end, elf_end, slime_end, tomb_end, abyss_end,
          pan_hell_end]

Skill      XL: |  1  2  3  4  5  6  7  8  9 |
---------------+----------------------------+-----
Polearms       | 5 7 9 12 13 14 16 19 | 19.0
Fighting       | 5 6 7 9 10 11 12 14 | 14.1
Armour         | 5 6 7 9 10 11 12 14 | 14.1
Shields        | |  3.6

Action                     |  1- 3 |  4- 6 |  7- 9 || total
---------------------------+-------+-------+-------++-------
  Melee: Trident           |    35 |    12 |       ||    47
         Headbutt          |     6 |     3 |     7 ||    16
         Halberd           |       |    20 |    46 ||    66
    Use: Potion            |       |     3 |     3 ||     6
 Armour: Scale mail        |    14 |     7 |       ||    21
         Ring mail         |       |    17 |     6 ||    23
         Plate armour      |       |       |    71 ||    71
  Dodge: Dodged            |    17 |    15 |    20 ||    52
  Block: Buckler           |    15 |     2 |       ||    17
